 Dungeon Crawl Stone Soup version 0.29.1-1-gd02db6906a (webtiles) character file.

Game seed: 11851699332836928951

306 brightshaft the Shooter (level 6, 0/45 (46) HPs)
             Began as a Barachi Hunter on Sept 23, 2022.
             Slain by a jackal (2 damage)
             ... on level 5 of the Dungeon.
             The game lasted 00:08:42 (3280 turns).

brightshaft the Shooter (Barachi Hunter)            Turns: 3280, Time: 00:08:43

HP:   0/45 (46)     AC:  5    Str: 13    XL:     6   Next: 39%
MP:   6/6           EV: 12    Int: 15    God:
Gold: 250           SH:  0    Dex: 17    Spells: 5/5 levels left

rFire   . . .      SeeInvis .   a - +0 shortbow (freeze)
rCold   . . .      Faith    .   (shield currently unavailable)
rNeg    + . .      Spirit   .   c - +0 leather armour
rPois   .          Reflect  .   o - +1 helmet
rElec   .          Harm     .   (no cloak)
rCorr   .          Rampage  .   (no gloves)
Will    .....                   (no boots)
Stlth   ++........              (no amulet)
HPRegen 0.15/turn               h - ring of positive energy
MPRegen 0.10/turn               k - +6 ring of intelligence

@: unable to hop, lightly drained, slow
A: amphibious, slowness 1, strong legs 1, +LOS
a: Hop


You were on level 5 of the Dungeon.
You visited 1 branch of the dungeon, and saw 5 of its levels.

You collected 250 gold pieces.

Inventory:

Hand Weapons
 a - a +0 shortbow of freezing (weapon)
 b - the +8 short sword of the Furious {vorpal, Dex+4}
   (You found it on level 3 of the Dungeon)

   It inflicts extra damage upon your enemies.
   Dex:       It affects your dexterity (+4).
Missiles
 u - 3 boomerangs
Armour
 c - a +0 leather armour (worn)
 n - a +0 ring mail
 o - a +1 helmet (worn)
 t - a +0 scale mail
Jewellery
 h - a ring of positive energy (left hand)
 k - a +6 ring of intelligence (right hand)
Wands
 p - a wand of iceblast (11)
 x - a wand of polymorph (5)
Scrolls
 g - a scroll of immolation
 i - 3 scrolls of identify
 j - a scroll of brand weapon
 m - 3 scrolls of magic mapping
Potions
 d - 2 potions of berserk rage
 e - a potion of might {unknown}
 f - 2 potions of curing
 l - a potion of heal wounds {unknown}
 r - a potion of lignification {unknown}
 v - a potion of degeneration {unknown}
 w - a potion of ambrosia {unknown}
Miscellaneous
 q - a lightning rod (4/4)


   Skills:
 - Level 2.4 Fighting
 + Level 7.5 Ranged Weapons
 - Level 2.1 Dodging
 - Level 0.8 Stealth


You had 5 spell levels left.
You didn't know any spells.
Your spell library contained the following spells:

 Spells                   Type           Power      Damage    Failure   Level
 Beastly Appendage        Tmut           0%         N/A       34%         1
 Ensorcelled Hibernation  Hex/Ice        0%         N/A       45%         2
 Passwall                 Tmut/Erth      0%         N/A       45%         2
 Gell's Gravitas          Tloc           0%         N/A       71%         3
 Lesser Beckoning         Tloc           0%         N/A       71%         3
 Swiftness                Air            0%         N/A       71%         3
 Teleport Other           Tloc           0%         N/A       71%         3
 Ice Form                 Ice/Tmut       0%         N/A       98%         4
 Malign Gateway           Summ/Tloc      0%         N/A       100%        7
 Summon Horrible Things   Summ           0%         N/A       100%        8


Dungeon Overview and Level Annotations

Branches:
Dungeon (5/15)
 Temple: D:4-7

Altars:
Qazlal

Annotations:
D:5 Dowan, Duvessa


Innate Abilities, Weirdness & Mutations

You are amphibious.
You cover ground slowly.
You can hop short distances.
You have an extended range of vision and can be seen from far away.


Message History

You are poisoned.
The adder poisons you!
A quokka comes into view.
The gnoll bouda barks out a call to the hunt!
The gnoll sergeant picks up the pace!
The jackal barely misses you. The adder attacks as you move away!
The adder completely misses you.
You feel sick.
The gnoll is no longer moving quickly.
The adder misses you.
Dowan casts a spell.
Dowan blinks!
You feel sick. The adder bites you but does no damage.
The gnoll bouda barks out a call to the hunt!
The gnoll picks up the pace!
Dowan casts a spell at Duvessa.
Duvessa seems to speed up.
The adder closely misses you.
The sentinel's mark upon you fades away.
You feel sick.
The gnoll is no longer moving quickly.
The adder bites you but does no damage. x2
The adder attacks as you move away! The adder closely misses you.
You feel sick. The adder barely misses you.
The adder bites you but does no damage.
The gnoll bouda barks out a call to the hunt!
The gnolls pick up the pace!
You feel sick.
You are no longer poisoned.
The adder barely misses you.
The gnoll bouda barks out a call to the hunt!
The gnoll bouda picks up the pace!
The adder bites you but does no damage. The jackal closely misses you.
Dowan points at you and mumbles some strange words.
The puff of flame hits you.
* * * LOW HITPOINT WARNING * * *
The jackal bites you but does no damage.
The adder barely misses you. The adder bites you but does no damage.
You feel better.
You are engulfed in a cloud of scalding steam.
* * * LOW HITPOINT WARNING * * *
The jackal bites you.
You die...

##### ## #..§#######.
##.#§§§§§..g. #
#.g.§§§§§§g..
###.#########.#o###g§####
..........g.h.ggg.§§..§S.
~~~~~~~~≈e≈≈≈g~gg~~....~~
≈~≈≈≈≈≈≈§S≈≈≈≈≈e≈≈≈r...≈≈
###≈@S~g~≈ohr~≈....~≈
#..hh....g.........
#############''''##
#....# #....# #..).#
#....# #....# +....'


You could see Duvessa (fast), a gnoll sergeant (swift), Dowan, 2 gnoll boudas, 7
gnolls, 2 adders, 2 orcs, a quokka and 4 jackals.

Vanquished Creatures
  An ice beast (D:3)
  Terence (D:2)
  3 gnolls (D:5)
  8 adders
  A worm (D:2)
  5 dart slugs
  2 orcs (D:5)
  3 ball pythons
  4 bats
  4 endoplasms
  3 giant cockroaches (D:3)
  3 goblins
  12 hobgoblins
  13 jackals
  5 quokkas
  2 frilled lizards
  6 kobolds
  2 rats (D:2)
78 creatures vanquished.

Notes
Turn   | Place    | Note
-------+----------+-------------------------------------------
     0 | D:1      | brightshaft the Barachi Hunter began the quest for the Orb.
     0 | D:1      | Reached XP level 1. HP: 17/17 MP: 1/1
     3 | D:1      | Noticed an electric eel
     4 | D:1      | Noticed an electric eel
   193 | D:1      | Reached XP level 2. HP: 23/23 MP: 2/2
   922 | D:2      | Reached XP level 3. HP: 28/28 MP: 3/3
   989 | D:2      | Found a faded altar of an unknown god.
  1002 | D:2      | Reached skill level 5 in Ranged Weapons
  1651 | D:2      | Reached XP level 4. HP: 31/34 MP: 4/4
  1829 | D:2      | Noticed Terence
  1843 | D:2      | Killed Terence
  1949 | D:3      | Identified the +8 short sword of the Furious {vorpal,
                  | Dex+4}
  2014 | D:3      | Reached skill level 6 in Ranged Weapons
  2131 | D:3      | Reached XP level 5. HP: 39/39 MP: 5/5
  2218 | D:3      | Noticed an ice beast
  2232 | D:3      | Killed an ice beast
  2233 | D:3      | Reached skill level 7 in Ranged Weapons
  2233 | D:3      | Reached XP level 6. HP: 46/46 MP: 6/6
  2458 | D:3      | Got the Lessons on Assembling and Reformation
  3050 | D:4      | Found a stormy altar of Qazlal.
  3054 | D:4      | Noticed a water elemental
  3055 | D:4      | Noticed an air elemental
  3055 | D:4      | Noticed a fire elemental
  3188 | D:5      | Entered Level 5 of the Dungeon
  3268 | D:5      | Noticed Duvessa
  3268 | D:5      | Noticed Dowan
  3280 | D:5      | HP: 2/45 [Dowan] (12)]
  3280 | D:5      | Slain by a jackal

Illustrated notes

Levels and vault maps discovered:
D:1:      arrival_aquarium_b, layout_loops_corners, corner_web_ring
D:2:      layout_basic, shapermc_ecumenical_altar_pompeii, uniq_terence
D:3:      layout_loops_ring, minivault_5, nrook_loot_triangle
D:4:      layout_basic, nicolae_qazlal_style_of_elements
D:5:      lemuel_castle_with_subvaults [lemuel_castle_interior_carwin_2],
          layout_loops_ring, bloody_makhleb, lemuel_temple_firewalk_a,
          uniq_duvessa

Skill      XL: |  1  2  3  4  5 |
---------------+----------------+-----
Ranged Weapons | 5 6 7 |  7.5
Fighting       | |  2.4
Dodging        | |  2.1
Stealth        | |  0.8

Action                   |  1- 3 |  4- 6 || total
-------------------------+-------+-------++-------
Melee: Short sword       |       |     4 ||     4
 Fire: Shortbow          |   125 |   140 ||   265
 Abil: Hop               |     1 |     3 ||     4
  Use: Scroll            |       |     8 ||     8
       Potion            |       |     2 ||     2
 Stab: Sleeping          |       |     1 ||     1
Armor: Leather armour    |    25 |    32 ||    57
Dodge: Dodged            |    77 |    65 ||   142
